General information
			
			
        
        - name: BNet
 
        - type: Ladder 1vs1/FFA
 
        - host: Battle.net
 
        - saver: DirtMcGirt
 
        
map: RoadToStratholme 
        - players: 2
 
        - length: 29:09
 
        - speed: Fast
 - version: 1.22 W3XP
 - replay type:  Public
 
» download(96 KB)
Players
        team 1 (winner) 
              
              
» 
DirtMcGirt (
orange | 109 APM | 3177 actions | 29:09)
              
 6 Paladin 
 3 Holy Light
 2 Divine Shield
 1 Resurrection
 5 Goblin Alchemist 
 3 Chemical Rage
 2 Acid Bomb
 
                » actions 
                
                | Assign group hotkey | 30 |  | 
| Basic commands | 4 |  | 
| Build / train | 103 |  | 
| Enter build submenu | 20 |  | 
| Enter hero's abilities submenu | 12 |  | 
| Give item / drop item | 1 |  | 
| Remove unit from queue | 8 |  | 
| Right click | 1520 |  | 
| Select / deselect | 957 |  | 
| Select group hotkey | 400 |  | 
| Use ability | 122 |  | 
                3177 total
 » units 
                
                | Peasant | 15 |  | 
| Footman | 14 |  | 
| Dragonhawk Rider | 5 |  | 
| Gryphon Rider | 7 |  | 
| Priest | 9 |  | 
| Sorceress | 1 |  | 
                51 total
 » upgrades
                
                | Defend | 1 |  | 
| Lumber Harvesting | 2 |  | 
| Priest Training | 1 |  | 
| Storm Hammers | 1 |  | 
| Sorceress Training | 1 |  | 
| Cloud | 1 |  | 
                7 total
 » buildings
                
                | Altar of Kings | 1 |  | 
| Barracks | 1 |  | 
| Farm | 10 |  | 
| Keep | 1 |  | 
| Arcane Vault | 2 |  | 
| Castle | 1 |  | 
| Lumber Mill | 1 |  | 
| Gryphon Aviary | 1 |  | 
| Arcane Sanctum | 1 |  | 
| Town Hall | 2 |  | 
                21 total
 » build order
                00:08 Altar of Kings
00:20 Barracks
00:31 Farm
00:59 Farm
02:39 Keep
02:44 Farm
03:57 Arcane Vault
05:17 Farm
06:20 Castle
08:32 Farm
09:00 Lumber Mill
10:04 Gryphon Aviary
10:36 Farm
12:55 Arcane Sanctum
12:58 Farm
16:08 Farm
16:11 Farm
16:12 Farm
16:58 Arcane Vault
23:03 Town Hall
27:20 Town Hall
» items
                
                | Potion of Mana | 4 |  | 
| Scroll of Regeneration | 2 |  | 
| Scroll of Town Portal | 4 |  | 
| Lesser Clarity Potion | 2 |  | 
| Staff of Sanctuary | 2 |  | 
| Potion of Healing | 4 |  | 
| Potion of Invisibility | 1 |  | 
                19 total
  
               team 2 (loser) 
              
              
Tarl4 (
green | 66 APM | 1911 actions | 29:07)
              
 5 Death Knight 
 3 Death Coil
 2 Unholy Aura
 
                » actions 
                
                | Assign group hotkey | 28 |  | 
| Build / train | 115 |  | 
| Enter build submenu | 12 |  | 
| Enter hero's abilities submenu | 5 |  | 
| Remove unit from queue | 14 |  | 
| Right click | 742 |  | 
| Select / deselect | 528 |  | 
| Select group hotkey | 424 |  | 
| Use ability | 43 |  | 
                1911 total
 » units 
                
                | Acolyte | 13 |  | 
| Ghoul | 38 |  | 
| Necromancer | 18 |  | 
| Gargoyle | 4 |  | 
| Crypt Fiend | 3 |  | 
                76 total
 » upgrades
                
                | Unholy Armor | 3 |  | 
| Unholy Strength | 3 |  | 
| Necromancer Training | 2 |  | 
| Creature Carapace | 2 |  | 
| Creature Attack | 2 |  | 
| Disease Cloud | 1 |  | 
| Web | 1 |  | 
                14 total
 » buildings
                
                | Altar of Darkness | 1 |  | 
| Ziggurat | 5 |  | 
| Crypt | 1 |  | 
| Graveyard | 1 |  | 
| Tomb of Relics | 1 |  | 
| Halls of the Dead | 1 |  | 
| Black Citadel | 1 |  | 
| Temple of the Damned | 1 |  | 
| Slaughterhouse | 1 |  | 
| Spirit Tower | 3 |  | 
                16 total
 » build order
                00:06 Altar of Darkness
00:09 Ziggurat
00:35 Crypt
00:59 Graveyard
01:14 Ziggurat
01:41 Tomb of Relics
04:49 Ziggurat
04:55 Halls of the Dead
06:38 Ziggurat
06:42 Ziggurat
08:31 Black Citadel
08:38 Temple of the Damned
19:51 Slaughterhouse
21:45 Spirit Tower
21:51 Spirit Tower
22:23 Spirit Tower
 
                Chat log
          (00:09 / All) DirtMcGirt: yo
(00:12 / All) DirtMcGirt: this gunna be a fun game
(00:13 / All) Tarl4: yo
(00:13 / All) DirtMcGirt: gl hf
(00:22 / All) DirtMcGirt: good map good races
(00:24 / All) Tarl4: u 2
(00:44 / All) Tarl4: which race r u
(00:53 / All) DirtMcGirt: cant tell u srry
(01:10 / All) DirtMcGirt: ull see soon enugg
(07:22 / All) DirtMcGirt: grr shitty lag
(19:57 / All) DirtMcGirt: phew
(29:05 / All) Tarl4: gg